 Dungeon Crawl Stone Soup version 0.31-a0-876-gfe8ebadbca (webtiles) character file.

Game seed: 18118779019869785770

95 LeprechaunX the Changeling (level 4, -8/43 HPs)
             Began as an Octopode Shapeshifter on Oct 14, 2023.
             Mangled by Edmund
             ... wielding a +2 flail of protection
              (10 damage)
             ... on level 4 of the Dungeon.
             The game lasted 00:02:15 (2442 turns).

LeprechaunX the Changeling (Octopode Shapeshifter)  Turns: 2442, Time: 00:02:15

Health: -8/43      AC: 22    Str: 15    XL:     4   Next: 66%
Magic:  4/4        EV:  2    Int: 12    God:
Gold:   120        SH:  0    Dex: 11    Spells: 3/3 levels left

rFire   . .          .
                       - Unarmed
rCold   . . .        (no shield)
rNeg    . . .        (helmet currently unavailable)
rPois   +            (no amulet)
rElec   .            (no ring)
rCorr   .            (no ring)
SInv    .            (no ring)
Will    .....        (no ring)
Stlth   +            (no ring)
HPRegen 0.27/turn    (no ring)
MPRegen 0.09/turn    (no ring)
                     (no ring)

%: no passive effects
@: tree-form
A: stationary, stasis, torment immunity, boosted hp, almost no armour,
(amphibious), 8 rings, (camouflage 1), (gelatinous body 1), (nimble swimmer 1),
(tentacles)
a: no special abilities


You were on level 4 of the Dungeon.
You were a tree.
You visited 1 branch of the dungeon, and saw 4 of its levels.

You collected 120 gold pieces.

Inventory:

Missiles
 k - 5 boomerangs
Talismans
 b - a beast talisman
 c - a flux talisman
Scrolls
 d - 7 scrolls of identify {unknown}
 e - a scroll of enchant weapon {unknown}
 f - 2 scrolls of revelation {unknown}
 g - a scroll of teleportation {unknown}
 h - a scroll of vulnerability {unknown}
 j - a scroll of fog {unknown}
 l - 2 scrolls of fear {unknown}
 n - a scroll of immolation {unknown}
Potions
 i - a potion of ambrosia {unknown}
 m - a potion of haste {unknown}


   Skills:
 + Level 2.0 Fighting
 + Level 2.7 Dodging
 + Level 3.5 Unarmed Combat
 * Level 3.8 Shapeshifting


You had 3 spell levels left.
You didn't know any spells.
Your spell library contained the following spells:

 Spells                   Type           Power      Damage    Failure   Level
 Necrotise                Necr           0%         1d4       32%         1
 Vampiric Draining        Necr           0%         2d6       69%         3
 Agony                    Necr           0%         N/A       100%        5


Dungeon Overview and Level Annotations

Branches:
Dungeon (4/15)
 Temple: D:4-7

Altars:
Fedhas

Annotations:
D:4 Edmund


Innate Abilities, Weirdness & Mutations

You are a tree.
Your roots penetrate the ground, keeping you stationary.
You cannot be teleported.
You are immune to unholy pain and torment.
Your maximum health is greatly increased.
You cannot wear most types of armour.
((You are amphibious.))
You can wear up to eight rings at the same time.
((Your skin changes colour to match your surroundings (Stealth+).))
((Your rubbery body absorbs attacks. (AC +1, EV +1)))
((You are camouflaged when in or above water. (Stealth+)))
((You have tentacles for arms and can constrict up to eight enemies at once.))


Message History

Edmund shouts!
A goblin comes into view. It is wielding a +0 club.
Throw: 2 darts (atropa)
Press: ? - help, Q - select action, (/) - cycle Shift-Dir - straight line, f/p - Edmund
Aim: Edmund, wielding a +2 flail of protection and wearing a +0 chain mail (65% to hit, chance to blind on hit: 51%)
You throw an atropa-tipped dart. The atropa-tipped dart hits Edmund.
Edmund resists.
Throw: dart (atropa)
Press: ? - help, Q - select action, (/) - cycle Shift-Dir - straight line, f/p - Edmund
Aim: Edmund, wielding a +2 flail of protection and wearing a +0 chain mail (64% to hit, chance to blind on hit: 51%)
You throw an atropa-tipped dart.
The atropa-tipped dart barely misses Edmund.
The goblin shouts!
You tentacle-slap Edmund but do no damage.
Your grab misses Edmund.
Your tentacle-slap misses Edmund.
You tentacle-slap Edmund but do no damage.
You grab Edmund. You constrict Edmund. Edmund barely misses you.
You tentacle-slap Edmund.
Edmund is lightly wounded.
You constrict Edmund, but do no damage.
Edmund hits you with a +2 flail of protection!
You tentacle-slap Edmund but do no damage.
Edmund is lightly wounded.
You constrict Edmund.
Edmund hits you with a +2 flail of protection!
* * * LOW HITPOINT WARNING * * *
Your transformation has ended.
You turn into a tree.
Your roots penetrate the ground.
You lose your grip on Edmund.
Edmund hits you with a +2 flail of protection.
* * * LOW HITPOINT WARNING * * *
You hit Edmund but do no damage.
Edmund is lightly wounded.
Edmund hits you with a +2 flail of protection.
* * * LOW HITPOINT WARNING * * *
You hit Edmund but do no damage.
Edmund is lightly wounded.
Edmund hits you with a +2 flail of protection!
You die...
Edmund says, "That'll show my brother!"

##.# ##..## ##....##
#..#...### ..####...##
.## ###...##
#####......####### #
#..............######...
##..........##.♣@g.?..(..
#...........######(......
##........<...# .......
.#...........## g@.....
.............# .(.....
.............# .......
.............# .......
#........... .......
##.........


You could see Edmund and a goblin.

Vanquished Creatures
  3 adders
  A worm (D:2)
  A dart slug (D:1)
  2 orcs (D:3)
  7 ball pythons
  2 endoplasms
  8 giant cockroaches
  5 goblins
  2 hobgoblins
  7 jackals
  5 kobolds
  3 quokkas (D:2)
  2 bats (D:2)
  3 frilled lizards
  5 rats
56 creatures vanquished.

Notes
Turn   | Place    | Note
-------+----------+-------------------------------------------
     0 | D:1      | LeprechaunX the Octopode Shapeshifter began the quest for
                  | the Orb.
     0 | D:1      | Reached XP level 1. HP: 13/13 MP: 1/1
   253 | D:1      | Reached XP level 2. HP: 7/18 MP: 2/2
   687 | D:2      | Reached XP level 3. HP: 23/23 MP: 3/3
  1313 | D:2      | Reached XP level 4. HP: 16/29 MP: 4/4
  1711 | D:3      | Found a faded altar of an unknown god.
  1768 | D:3      | Found a blossoming altar of Fedhas.
  2430 | D:4      | Noticed Edmund
  2441 | D:4      | HP: 2/43 [Edmund/+2 flail of protection (4)]
  2442 | D:4      | Mangled by Edmund

Illustrated notes

Levels and vault maps discovered:
D:1:      dpeg_cavernosity, layout_rooms, hex_tiny
D:2:      wad_crossroads, layout_loops_corners
D:3:      layout_loops_ring, mainiacjoe_overflow_catwalk, basic_ecumenical_altar
D:4:      minmay_diamond_boxcup, layout_cave_pods, minmay_starry_boxes,
          uniq_edmund

Skill      XL: |  1  2  3  4 |
---------------+-------------+-----
Fighting       | 2 |  2.0
Dodging        | |  2.7
Unarmed Combat | |  3.5
Shapeshifting  | |  3.8

Action                     |  1- 3 |  4- 6 || total
---------------------------+-------+-------++-------
  Melee: Unarmed           |    72 |    40 ||   112
         Constrict         |    17 |     9 ||    26
         Tentacles         |    12 |     5 ||    17
         Punch             |     2 |     3 ||     5
  Throw: Dart              |       |     3 ||     3
    Use: Potion            |       |     1 ||     1
   Stab: Sleeping          |    11 |     5 ||    16
 Armour: Skin              |    31 |    12 ||    43
  Dodge: Dodged            |    42 |    18 ||    60

Table legend: (Time is in decaauts)
 A = Elapsed time spent in this place.
 B = Non-inter-level travel time spent in this place.
 C = Inter-level travel time spent in this place.
 D = Time resting spent in this place.
 E = Time spent auto-exploring this place.
 F = Levels seen in this place.
 G = Mean time per level.
                   A        B        C        D        E       F      G
               +--------+--------+--------+--------+--------+-----+--------+
         Total |   2434 |   2262 |    172 |      0 |   1937 |   4 |  608.5 |
       Dungeon |   2434 |   2262 |    172 |      0 |   1937 |   4 |  608.5 |
               +--------+--------+--------+--------+--------+-----+--------+

Top non-repeatable levels by time:
     D:2: 1039 daAuts
     D:3: 662 daAuts
     D:1: 652 daAuts
     D:4: 80 daAuts
